 Dungeon Crawl Stone Soup version 0.14-a0-1653-g0ad7a2c (webtiles) character file.

1331 CrazyArbalest the Basher (level 8, -1/84 HPs)
             Began as an Ogre Berserker on Dec 27, 2013.
             Was an Elder of Trog.
             Slain by an orc warrior
             ... wielding a +0,+2 orcish short sword
              (16 damage)
             ... on Level 6 of the Dungeon.
             The game lasted 00:37:28 (6538 turns).

CrazyArbalest the Basher (Ogre Berserker)           Turns: 6538, Time: 00:37:28

HP  -1/84        AC  5     Str 23      XL: 8   Next: 50%
MP   8/8         EV 12     Int  7      God: Trog [****..]
Gold 85          SH  0     Dex 10      Spells:  0 memorised,  7 levels left

rFire  . . .     SeeInvis .     f - +0 giant spiked club
rCold  . . .     Clarity  .     b - +0 animal skin
rNeg   + . .     Conserve .     (shield restricted)
rPois  +         rCorr    .     (helmet restricted)
rElec  .         rRot     .     z - +1 dwarf cloak {rPois}
SustAb . .       Spirit   .     (gloves unavailable)
rMut   .         Warding  +     (boots unavailable)
Saprov + . .     Stasis   .     k - amulet of warding
                                (no ring)
                                (no ring)

@: somewhat resistant to hostile enchantments, unstealthy
A: unfitting armour, fast metabolism 1, saprovore 1, tough skin 1
a: Burn Spellbooks, Berserk, Trog's Hand, Brothers in Arms, Renounce Religion


You were on level 6 of the Dungeon.
You worshipped Trog.
Trog was greatly pleased with you.
You were very hungry.

You visited 1 branch of the dungeon, and saw 6 of its levels.
You also visited: Sewer.

You collected 324 gold pieces.
You spent 239 gold pieces at shops.

Inventory:

Hand weapons
 a - a +0,+1 mace
 f - a +0,+0 giant spiked club (weapon)
 r - a +0,+0 mace
 O - a +4,+0 flail of holy wrath
Armour
 b - a +0 animal skin (worn)
 z - a +1 dwarven cloak of poison resistance (worn)
Magical devices
 M - a wand of slowing (6) {unknown}
Comestibles
 c - 8 meat rations
 h - a banana
 q - 2 apples
 B - a lychee
 F - 7 cheeses
 H - 4 bread rations
 K - an apricot
 N - a pear
Scrolls
 g - a scroll of curse jewellery
 j - 2 scrolls of curse armour
 l - 2 scrolls of magic mapping
 o - a scroll of teleportation
 p - 5 scrolls of fear
 t - 2 scrolls of blinking
 y - 2 scrolls of recharging {unknown}
 D - a scroll of immolation
 G - a scroll of noise
 I - a scroll of amnesia
 J - a scroll of remove curse
 L - a scroll of random uselessness
Jewellery
 k - an amulet of warding (around neck)
 m - an uncursed amulet of inaccuracy
Potions
 d - 3 potions of heal wounds
 e - a potion of cure mutation {unknown}
 i - 6 potions of curing {unknown}
 n - 2 potions of restore abilities {unknown}
 s - a potion of mutation {unknown}
 v - 3 potions of magic {unknown}
 A - a potion of poison {unknown}
 C - 2 potions of brilliance {unknown}
 E - 2 potions of might


   Skills:
 + Level 6.3 Fighting
 + Level 8.3 Maces & Flails
 + Level 7.2 Dodging
 + Level 1.2 Stealth


You had 7 spell levels left.
You didn't know any spells.

Dungeon Overview and Level Annotations

Branches:
Dungeon (6/16)
 Temple: D:4-7

Altars:
Ashenzari
Elyvilon
Fedhas
Okawaru
Trog

Shops:
D:6 *=?(


Innate Abilities, Weirdness & Mutations

You are too large for most types of armour.
You have a fast metabolism.
You can tolerate rotten meat.
You have tough skin (AC +1).


Message History

The giant cockroach bites you but does no damage.
The orc warrior hits you with an orcish short sword!
* * * LOW HITPOINT WARNING * * *
The orc wizard casts a spell.
The orc wizard flickers and vanishes!
Deactivating autopickup; reactivate with Ctrl-A.
The orc hits you but does no damage.
The orc wizard gestures wildly while chanting.
You feel a wave of unholy energy pass over you.
A rat comes into view.
You closely miss the orc wizard.
The orc wizard hits you with an orcish dagger.
* * * LOW HITPOINT WARNING * * *
The giant cockroach bites you but does no damage.
The orc warrior hits you but does no damage.
The orc hits you but does no damage. The orc closely misses you.
The orc wizard becomes somewhat translucent.
The giant cockroach barely misses you.
The rat moves out of view.
The orc warrior hits you with an orcish short sword!
You die...

..#.#*,,,,,,***,*,,*#.#[####
..###*,,,, ,.,*,*,.*#.#.##.#
..#*,,,,,,,..#***#.##......#
..#**,,,,*##..#* #....#.##.#
###***,**#.....#*#.####.##.####
####...,,.......##.# #.##....#
.......,,.....{{...####.#####.#
.......,.......ooo......#####.##
#######******#.o@s.............#
#....(####.######## #####.# #.#
#.# #.# #.####.# #......#
########


You could see an orc warrior, an orc wizard, 2 orcs and a giant cockroach.

Vanquished Creatures
  An ice beast (D:6)
  2 ogres
  A phantom (D:6)
  A centaur (D:5)
  The ghost of KINGBONG the Chucker, a weakling TrHu (D:4)
  2 crimson imps (D:5)
  2 orc priests
  3 hounds
  4 worker ants
  3 orc wizards (D:6)
  A scorpion (D:4)
  An orange rat (Sewer)
  A mummy (D:6)
  A gnoll (D:2)
  5 green rats
  9 adders
  2 giant mites
  3 worms
  An adder skeleton (D:4)
  8 grey rats
  5 giant geckos
  An ooze (D:4)
  12 orcs
  11 bats
  7 giant cockroaches
  9 hobgoblins
  2 quokkas (D:3)
  5 ball pythons
  A giant cockroach zombie (D:5)
  17 giant newts
  9 goblins
  12 kobolds
  A quokka skeleton (D:4)
  14 rats
158 creatures vanquished.

Notes
Turn   | Place    | Note
--------------------------------------------------------------
     0 | D:1      | CrazyArbalest, the Ogre Berserker, began the quest for the Orb.
     0 | D:1      | Reached XP level 1. HP: 24/24 MP: 1/1
   177 | D:1      | Reached XP level 2. HP: 26/32 MP: 2/2
   593 | D:2      | Reached XP level 3. HP: 25/40 MP: 3/3
   971 | D:2      | Acquired Trog's second power
  1175 | D:2      | Reached XP level 4. HP: 45/49 MP: 4/4
  1573 | D:2      | Found an iron altar of Okawaru.
  1600 | D:2      | Reached skill level 5 in Maces & Flails
  2157 | D:3      | Found a bloodstained altar of Trog.
  2213 | D:3      | Reached XP level 5. HP: 23/55 MP: 5/5
  2277 | D:3      | Reached skill level 5 in Fighting
  2729 | D:4      | Found a glowing drain.
  2814 | D:4      | Reached XP level 6. HP: 42/66 MP: 6/6
  2834 | Sewer    | Entered a sewer
  3036 | Sewer    | Reached skill level 5 in Dodging
  3216 | Sewer    | Reached skill level 6 in Maces & Flails
  3323 | Sewer    | Acquired Trog's third power
  3844 | D:4      | Noticed KINGBONG's ghost (weakling TrHu)
  3859 | D:4      | Killed KINGBONG's ghost
  3859 | D:4      | Reached XP level 7. HP: 48/72 MP: 7/7
  4164 | D:4      | Noticed an ogre
  4176 | D:4      | Killed an ogre
  4182 | D:4      | Reached skill level 7 in Maces & Flails
  4464 | D:5      | Entered Level 5 of the Dungeon
  5136 | D:5      | Reached skill level 1 in Stealth
  5391 | D:5      | Found a white marble altar of Elyvilon.
  5391 | D:5      | Found a shattered altar of Ashenzari.
  5392 | D:5      | Found a blossoming altar of Fedhas.
  5886 | D:6      | Reached XP level 8. HP: 69/83 MP: 8/8
  6128 | D:6      | Found Xeteatem's Antique Weapon Boutique.
  6136 | D:6      | Bought a runed flail for 80 gold pieces
  6164 | D:6      | Found Pahoash's Magic Scroll Shop.
  6195 | D:6      | Bought a scroll of identify for 26 gold pieces
  6195 | D:6      | Bought a scroll of identify for 26 gold pieces
  6195 | D:6      | Bought a scroll of identify for 26 gold pieces
  6213 | D:6      | Bought a scroll of remove curse for 39 gold pieces
  6262 | D:6      | Found Eppaz's Jewellery Boutique.
  6265 | D:6      | Found Ocegraza's General Store.
  6273 | D:6      | Reached skill level 8 in Maces & Flails
  6317 | D:6      | Bought a potion of heal wounds for 42 gold pieces
  6348 | D:6      | Found an iron altar of Okawaru.
  6538 | D:6      | Slain by an orc warrior

Action                   |  1- 3 |  4- 6 |  7- 9 || total
-------------------------+-------+-------+-------++-------
Melee: Mace              |    82 |   332 |   184 ||   598
       Giant spiked club |       |       |    38 ||    38
       Flail             |       |       |    11 ||    11
Invok: Berserk           |       |     3 |     1 ||     4
  Use: Scroll            |       |       |    16 ||    16
